Map: Cyber Forest LE

Players

DnS

  • Race: Protoss Protoss
  • Spawn Location: 5:00

Reynor - Winner!

  • Race: Zerg Zerg
  • League: Master
  • Spawn Location: 11:00

Event: HomeStory Cup XIX

VOD

Have the link to the VOD?

Description

Time

  • Played on: June 29, 2019, 6:07 a.m.
  • Length: 13:27

All games in this series

Show
View Real Time Build Order
Export as new Build Order

DnS Protoss 

Build Orders: 1 Gate Expand, Archon Immortal 

Get SALT Encoding   

  12  0:01  Probe  
  13  0:13  Probe  
  14  0:20  Pylon  
  14  0:25  Probe  
  15  0:34  Probe  
  15  0:41  Gateway  
  15  0:42  Probe  
  17  0:50  Assimilator  
  17  0:52  Probe  
  18  1:04  Probe  
  19  1:16  Probe  
  20  1:28  Cybernetics Core  
  20  1:38  Nexus  
  20  1:40  Probe  
  20  1:46  Pylon  
  21  1:52  Probe  
  22  1:55  Adept, Assimilator  
  22  2:05  Probe  
  25  2:17  Adept, Probe  
  25  2:20  Robotics Facility  
  26  2:29  Probe  
  29  2:32  Warp Gate  
  29  2:41  Probe  
  30  2:46  Probe  
  30  2:49  Stalker  
  33  2:53  Probe  
  33  2:54  Probe  
  35  3:04  Probe  
  35  3:05  Probe  
  36  3:07  Warp Prism  
  39  3:15  Pylon  
  39  3:22  Probe  
  40  3:29  Probe  
  40  3:30  Sentry  
  40  3:34  Immortal  
  43  3:35  Gateway  
  43  3:36  Probe  
  44  3:45  Probe  
  49  3:57  Pylon  
  49  4:10  Immortal  
  49  4:14  Probe  
  54  4:19  Assimilator  
  54  4:20  Assimilator  
  54  4:22  Probe  
  55  4:24  Pylon  
  55  4:30  Sentry  
  57  4:32  Sentry  
  57  4:36  Probe  
  60  4:41  Probe  
  60  4:42  Immortal  
  61  4:48  Probe  
  61  4:49  Probe  
  61  4:51  Twilight Council  
  61  4:52  Forge  
  66  4:56  Pylon  
  66  4:58  Probe  
  67  5:00  Probe  
  69  5:10  Gateway  
  69  5:11  Gateway  
  69  5:15  Sentry  
  69  5:19  Gateway  
  69  5:20  Charge, Gateway  
  71  5:23  Protoss Ground Weapons Level 1  
  71  5:36  Immortal  
  71  5:39  Probe  
  76  5:46  Zealot  
  76  5:52  Probe  
  76  5:53  Pylon  
  77  5:58  Templar Archives  
  77  6:05  Immortal  
  77  6:07  Gateway x2  
  77  6:18  Pylon  
  81  6:23  Pylon  
  81  6:25  Zealot  
  83  6:37  High Templar  
  83  6:38  Zealot x3, High Templar  
  93  6:41  Pylon  
  93  6:42  Archon  
  93  6:57  Nexus  
  93  7:02  High Templar  
  93  7:03  Zealot x3, High Templar  
  102  7:08  Pylon, Archon  
  102  7:09  Pylon  
  102  7:14  Pylon  
  102  7:27  High Templar  
  102  7:28  Zealot x4, High Templar  
  114  7:32  Pylon, Archon  
  114  7:35  Zealot x2  
  82  7:54  Zealot  
  82  7:55  Zealot x3  
  76  8:01  Immortal  
  64  8:07  High Templar  
  64  8:08  High Templar  
  64  8:10  Probe  
  64  8:11  Archon  
  63  8:17  Sentry x2  
  67  8:22  Zealot x4  
  75  8:36  Immortal  
  69  8:43  Zealot x5  
  59  9:04  Zealot x4, High Templar x2  
  59  9:07  Immortal  
  59  9:08  Archon  
  63  9:23  Zealot x2  
  68  9:29  Zealot, High Templar x2  
  74  9:33  Archon  
  74  9:36  Zealot x2  
  78  9:53  Immortal  
  78  9:54  Nexus  
  82  10:07  Sentry x2  
  82  10:10  Sentry  
  82  10:14  Zealot  
  88  10:20  Immortal  
  88  10:21  Sentry, Zealot  
  92  10:34  Probe  
  92  10:35  Probe  
  98  10:42  Pylon  
  98  10:46  Warp Prism  
  98  10:54  High Templar x2  
  102  10:59  Archon  
  102  11:04  Zealot x3  
  108  11:19  High Templar x2  
  108  11:20  Pylon  
  108  11:24  Archon  
  108  11:34  Zealot x6  
  116  11:53  Zealot x2  
  120  11:59  Stalker x3  
  118  12:01  Zealot  
  116  12:09  Zealot  
  114  12:25  Zealot x2, High Templar x2  
  122  12:32  Archon  
  102  12:53  Zealot x2  
  102  12:54  Zealot x3  
Show
View Real Time Build Order
Export as new Build Order

Reynor Zerg - Winner!

Build Orders: Hatch First, Swarm Host 

Get SALT Encoding   

  12  0:00  Drone  
  13  0:12  Overlord  
  13  0:16  Drone  
  14  0:30  Drone  
  15  0:36  Drone x2  
  17  0:47  Drone  
  18  0:55  Hatchery  
  17  0:58  Drone  
  18  1:04  Extractor  
  17  1:13  Spawning Pool  
  17  1:16  Drone  
  17  1:20  Drone  
  18  1:28  Drone  
  19  1:38  Drone  
  20  1:48  Overlord  
  20  2:00  Zergling x2  
  21  2:07  Zergling x2, Queen x2  
  26  2:11  Drone  
  26  2:13  Metabolic Boost  
  27  2:18  Drone  
  28  2:23  Zergling x2  
  28  2:29  Zergling x2  
  30  2:33  Drone  
  31  2:43  Hatchery  
  29  2:45  Drone  
  29  2:48  Drone  
  29  2:50  Drone  
  32  2:55  Overlord  
  32  3:01  Zergling x2  
  32  3:05  Zergling x2  
  34  3:11  Overlord  
  34  3:13  Queen  
  34  3:17  Drone  
  34  3:18  Drone  
  34  3:19  Drone  
  39  3:20  Drone  
  39  3:23  Drone  
  41  3:28  Drone  
  41  3:31  Queen  
  43  3:34  Drone  
  43  3:40  Drone  
  45  3:44  Roach Warren  
  45  3:45  Drone  
  45  3:51  Drone  
  45  3:54  Drone  
  47  3:56  Zergling x4  
  47  3:58  Overlord  
  47  4:00  Drone x2  
  51  4:05  Overlord  
  50  4:11  Drone x4  
  53  4:19  Extractor  
  52  4:27  Roach x6  
  64  4:31  Extractor  
  64  4:32  Zergling x6  
  64  4:33  Zergling x2  
  69  4:38  Roach  
  69  4:40  Zergling x4  
  69  4:41  Zergling x2  
  69  4:44  Overlord  
  71  4:48  Roach  
  73  4:59  Overlord  
  73  5:02  Zergling x14  
  73  5:03  Ravager  
  73  5:06  Ravager  
  82  5:14  Overlord  
  82  5:18  Drone x2  
  82  5:19  Drone  
  82  5:21  Roach x2  
  89  5:22  Overlord  
  89  5:30  Ravager  
  89  5:32  Overlord  
  89  5:36  Roach x4  
  96  5:47  Zergling x14  
  97  5:51  Drone x2  
  97  5:53  Drone  
  100  6:02  Overlord  
  100  6:03  Drone x3  
  103  6:05  Lair  
  103  6:06  Drone  
  104  6:12  Roach x2  
  104  6:15  Drone x2  
  104  6:16  Drone  
  104  6:17  Drone  
  109  6:26  Drone x2  
  109  6:28  Extractor  
  109  6:29  Roach x3  
  109  6:31  Overlord  
  116  6:36  Drone x3  
  116  6:37  Drone  
  116  6:39  Overlord  
  120  6:42  Evolution Chamber  
  119  6:48  Overlord  
  119  6:50  Roach x4  
  127  6:57  Overlord  
  127  6:59  Roach x2  
  127  7:00  Ravager x2  
  133  7:04  Roach x2  
  133  7:05  Ravager  
  138  7:08  Glial Reconstitution  
  138  7:13  Zergling x16  
  146  7:19  Roach x3  
  146  7:22  Ravager  
  153  7:24  Overlord  
  152  7:30  Roach  
  152  7:35  Overlord  
  137  7:48  Roach x9  
  137  7:49  Roach x3  
  126  7:53  Roach, Queen  
  115  7:59  Roach  
  115  8:04  Roach x2  
  112  8:08  Queen  
  112  8:09  Queen  
  112  8:11  Roach x2  
  118  8:13  Drone  
  118  8:15  Zerg Missile Weapons Level 1  
  119  8:22  Drone  
  119  8:26  Roach x3  
  126  8:32  Roach x3  
  132  8:34  Hatchery  
  132  8:36  Roach  
  115  8:43  Roach x3  
  116  8:52  Roach x3  
  120  8:58  Roach x2  
  112  9:04  Roach x3  
  110  9:14  Roach x3  
  110  9:17  Ravager  
  110  9:18  Ravager  
  110  9:19  Ravager  
  107  9:27  Roach x3  
  107  9:29  Hatchery  
  102  9:33  Roach  
  102  9:34  Roach x7  
  102  9:35  Drone  
  102  9:38  Extractor  
  111  9:40  Drone x2  
  111  9:43  Roach  
  115  9:48  Infestation Pit  
  115  9:49  Extractor  
  115  9:50  Drone x4  
  117  9:58  Roach  
  119  10:00  Drone x3  
  119  10:01  Drone  
  119  10:05  Roach x8  
  139  10:09  Overlord  
  139  10:16  Pneumatized Carapace  
  140  10:21  Spore Crawler, Drone x4  
  140  10:23  Drone  
  140  10:26  Overlord  
  145  10:28  Drone x3  
  145  10:30  Drone  
  147  10:42  Swarm Host x5  
  150  10:43  Swarm Host  
  150  10:47  Extractor, Spine Crawler  
  150  10:48  Spine Crawler, Swarm Host  
  164  10:58  Swarm Host x2  
  164  11:02  Zergling x18  
  179  11:06  Swarm Host x2  
  179  11:08  Roach x2  
  179  11:09  Overlord  
  185  11:13  Swarm Host  
  185  11:16  Overlord  
  188  11:19  Overlord  
  188  11:26  Ravager x2  
  188  11:32  Swarm Host  
  185  11:35  Ravager x2  
  185  11:37  Roach x4  
  198  11:53  Spine Crawler  
  198  11:54  Spine Crawler  
  196  11:55  Spine Crawler x2  
  196  11:56  Spine Crawler  
  196  12:00  Ravager x4  
  195  12:04  Roach x2  
  199  12:11  Roach  
  191  12:28  Ravager x2  
  193  12:32  Ravager x3  
  193  12:33  Overlord  
  192  12:46  Roach x10  
  177  12:52  Roach x11  
  177  12:56  Roach x3  
  177  12:57  Roach x3  
  198  13:01  Roach x2  
  198  13:05  Roach  
  195  13:11  Ravager x2  
Tags
 
Add a new tag
Caveats
  • Supply blocks, unpowered buildings, or Contaminate may cause inaccurate times.
  • Supply counts are checked every 10 seconds.